 Dungeon Crawl Stone Soup version 0.19-a0-1206-g6bcb79c (webtiles) character file.

17698 4thArraOfDagon the Grappler (level 12, -3/107 HPs)
             Began as a Troll Fighter on Aug 21, 2016.
             Was the Champion of Cheibriados.
             Killed from afar by a wizard (32 damage)
             ... with a crystal spear
             ... on level 14 of the Dungeon.
             The game lasted 00:30:36 (5570 turns).

4thArraOfDagon the Grappler (Troll Fighter)         Turns: 5570, Time: 00:30:37

Health: -3/107     AC: 13    Str: 46    XL:     12   Next: 21%
Magic:  16/16      EV: 11    Int: 23    God:    Cheibriados [******]
Gold:   274        SH: 14    Dex: 24    Spells: 2 memorised, 11 levels left

rFire  . . .     SeeInvis .       - Unarmed
rCold  . . .     Gourm    +     H - +2 robe of Irphaodd {Str+4 Stlth+}
rNeg   . . .     Faith    +     b - +0 shield
rPois  .         Spirit   .     (helmet restricted)
rElec  .         Dismiss  .     r - +0 cloak
rCorr  .         Reflect  .     (gloves unavailable)
MR     .....     Harm     .     (boots unavailable)
Stlth  +++....... Clarity  +    e - amulet of faith
                                (no ring)
                                o - +3 ring of slaying

@: slowed, very slow
A: unfitting armour, claws 3, talons 1, iridescent scales 1, rugged brown scales
1, slimy green scales 1, berserk 1, clarity, fast metabolism 3, gourmand,
regeneration 1, shaggy fur 1, tough skin 2
a: Bend Time, Temporal Distortion, Slouch, Step From Time, Renounce Religion


You were on level 14 of the Dungeon.
You worshipped Cheibriados.
Cheibriados was exalted by your worship.
You were completely stuffed.

You visited 1 branch of the dungeon, and saw 15 of its levels.

You collected 583 gold pieces.
You spent 309 gold pieces at shops.

Inventory:

Hand Weapons
 y - a +1 flail of protection
Missiles
 P - 4 large rocks (quivered)
Armour
 a - a +0 robe
 b - a +0 shield (worn)
 l - a +0 cloak
 r - a +0 cloak (worn)
 s - a +2 robe of magic resistance
 B - a +1 robe of magic resistance
 H - the +2 robe of Irphaodd (worn) {Str+4 Stlth+}
   (You found it on level 8 of the Dungeon)

   It affects your strength (+4).
   It makes you more stealthy.
 K - a troll hide
Jewellery
 e - an amulet of faith (around neck)
 h - an uncursed ring of ice
 o - a +3 ring of slaying (left claw)
 p - an uncursed amulet of regeneration
 G - an uncursed ring of protection from fire
 I - an uncursed amulet of dismissal {unknown}
 Q - an uncursed ring of teleportation
Wands
 i - a wand of enslavement (17/24)
 k - a wand of lightning (4/15)
 R - a wand of lightning (5/15)
Scrolls
 j - a scroll of summoning {unknown}
 n - 3 scrolls of recharging
 q - a scroll of enchant weapon {unknown}
 u - 2 scrolls of amnesia
 x - a scroll of magic mapping {unknown}
 z - 2 scrolls of remove curse
 C - 3 scrolls of fog
 D - 3 scrolls of teleportation
 E - 2 scrolls of immolation
 F - 3 scrolls of noise
 S - a scroll of fear {unknown}
Potions
 c - 2 potions of might
 g - 2 potions of curing
 m - 5 potions of flight
 v - 2 potions of resistance
 L - 2 potions of brilliance
 N - a potion of magic
Books
 t - a book of Enchantments

   Spells                             Type                      Level
   a - Cause Fear                     Hexes                        4
   b - Yara's Violent Unravelling     Hexes/Transmutation          5
   c - Silence                        Hexes/Air                    5
   d - Deflect Missiles               Charms/Air                   6
   e - Haste                          Charms                       6
   f - Discord                        Hexes                        8
 A - a book of Transfigurations

   Spells                             Type                      Level
   a - Irradiate                      Conjuration/Transmutation    5
   b - Statue Form                    Transmutation/Earth          6
   c - Hydra Form                     Transmutation                6
   d - Dragon Form                    Transmutation                7
Comestibles
 d - 4 bread rations
 w - 2 meat rations


   Skills:
 - Level 2.4 Fighting
 - Level 2.4 Dodging
 + Level 7.7 Shields
 - Level 12.1 Unarmed Combat
 + Level 3.5 Spellcasting
 * Level 6.6 Transmutations
 * Level 8.0 Earth Magic
 + Level 0.0 Invocations


You had 11 spell levels left.
You knew the following spells:

 Your Spells              Type           Power        Failure   Level  Hunger
a - Statue Form           Tmut/Erth      #####....    92%         6    #######
b - Apportation           Tloc           #.........   17%         1    None


Dungeon Overview and Level Annotations

Branches:
Dungeon (15/15)            Temple (0/1) D:7
   Lair: D:8-11         Orc: D:9-12      Vaults: D:13-14     Depths: D:15

Altars:
Ashenzari
Cheibriados
Elyvilon
Fedhas
Gozag
Qazlal
Ru
Uskayaw
Vehumet
Xom
Yredelemnul
The Shining One

Shops:
D:5 *   D:8 *

Annotations:
D:2 Purgy
D:3 Sigmund
D:5 epen's ghost, novice MfMo
D:12 Urug; mopl's ghost, journeyman DEBe
D:14 exclusion: downstairs


Innate Abilities, Weirdness & Mutations

You are too large for most types of armour.
You have claws for hands.
Your metabolism is lightning-fast.
You like to eat raw meat.
Your natural rate of healing is unusually fast.
You are covered in fur. (AC +1)
You have very tough skin. (AC +2)
You have sharp toenails.
You are partially covered in iridescent scales. (AC +2)
You are partially covered in rugged brown scales. (AC +1, +3% HP)
You are partially covered in slimy green scales. (AC +2)
You tend to lose your temper in combat.
You possess an exceptional clarity of mind.


Message History

The wizard barely misses you. The human misses you. The human hits you.
Unknown command.
The wizard hits you but does no damage. The human hits you but does no damage.
You block the wizard's attack. The human hits you!
The wizard casts a spell at you. The crystal spear hits you!
Ouch! That really hurt!
* * * LOW HITPOINT WARNING * * *
You block the human's attack. The wizard hits you but does no damage.
Unknown command.
Unknown command.
Okay, then.
Unknown command.
Okay, then.
Okay, then.
Unknown command.
You feel better. The wizard casts a spell at you. The crystal spear hits you!
You die...

#........########........
#...†....#..).((†..#
##....(...')#######.#
#...............# .#
#.#############.# .# #.#
#...[(#.# .# #.#
+....%#.# .# #.#
+..⌠..#.# .# #.#
+.....#@###+### #.#
#.....#ppp....# #.#
##'''##ppp....+ #.#
#!...p#p..†...# #.#
#.....'.......# #.#
#..⌠..'.......# #. #.#
#.....'....>..# #.# #.#
#)....#.......# #.#
#^#############.#+#####
#.#


You could see a wizard and 6 humans.

Vanquished Creatures
  2 centaur warriors
  A tengu warrior (D:14)
  Nergalle (D:12)
  A wizard (D:11)
  An unseen horror (D:12)
  3 hill giants
  Pikel (D:4)
  The ghost of Dirtsage the Basher, a novice DsMo of Ru (D:7)
  An ugly thing (D:11)
  A cyclops (D:9)
  4 centaur zombies
  A gargoyle (D:14)
  5 kobold demonologists
  A komodo dragon (D:14)
  4 trolls
  A tengu conjurer (D:14)
  Grinder (D:4)
  A wraith (D:12)
  4 humans (D:14)
  A wyvern (D:11)
  2 vampire mosquitoes (D:12)
  3 hippogriffs
  Edmund (D:5)
  A soldier ant (D:14)
  A water moccasin (D:9)
  Duvessa (D:6)
  A necrophage (D:9)
  2 phantoms
  2 sky beasts
  A slave (D:4)
  2 eyes of draining (D:11)
  4 ice beasts
  A black bear (D:8)
  3 ogres
  3 centaurs
  A crocodile (D:8)
  5 giant frogs
  2 big kobolds
  Blork the orc (D:6)
  Dowan (D:6)
  4 scorpions
  14 killer bees
  3 wights (D:8)
  3 howler monkeys
  4 crimson imps
  2 quasits
  5 orc priests
  A jelly (D:8)
  A giant frog skeleton (D:7)
  3 hounds
  12 orc wizards
  3 centaur skeletons
  7 iguanas
  4 worker ants
  3 sheep (D:9)
  A killer bee zombie (D:6)
  A hound zombie (D:9)
  9 adders
  3 shadow imps
  2 oozes (D:3)
  An adder zombie (D:6)
  5 worms
  4 giant geckos
  25 orcs
  9 giant cockroaches
  8 goblins
  2 hobgoblins
  5 jackals
  4 quokkas
  2 ball pythons
  5 bats
  2 giant newts
  7 kobolds
  A quokka skeleton (D:6)
  6 rats
245 creatures vanquished.

Vanquished Creatures (others)
  A big kobold (D:13)
  An orc (D:7)
  A kobold (D:7)
3 creatures vanquished.

Grand Total: 248 creatures vanquished

Notes
Turn   | Place    | Note
-------+----------+-------------------------------------------
     0 | D:1      | 4thArraOfDagon the Troll Fighter began the quest for the Orb.
     0 | D:1      | Reached XP level 1. HP: 22/22 MP: 0/0
   201 | D:3      | Reached XP level 2. HP: 29/29 MP: 1/1
   245 | D:3      | Reached skill level 3 in Unarmed Combat
   257 | D:3      | Noticed Purgy
   302 | D:4      | Noticed a dagger
   302 | D:4      | Noticed Pikel
   302 | D:4      | Noticed a slave
   302 | D:4      | Noticed a slave
   302 | D:4      | Noticed a slave
   712 | D:2      | Reached XP level 3. HP: 35/36 MP: 2/2
   969 | D:3      | Reached XP level 4. HP: 44/44 MP: 3/3
   989 | D:3      | Noticed Sigmund
  1230 | D:4      | Killed a slave
  1252 | D:4      | Found a hide-covered altar of Uskayaw.
  1257 | D:4      | Noticed a dagger
  1264 | D:4      | Noticed a slave
  1360 | D:4      | Killed Pikel
  1360 | D:4      | Reached skill level 6 in Unarmed Combat
  1360 | D:4      | Reached XP level 5. HP: 22/50 MP: 4/4
  1360 | D:4      | Reached XP level 6. HP: 26/59 MP: 5/5
  1360 | D:4      | Reached XP level 7. HP: 29/66 MP: 6/6
  1454 | D:4      | Noticed Grinder
  1465 | D:4      | Killed Grinder
  1516 | D:5      | Entered Level 5 of the Dungeon
  1516 | D:5      | Noticed epen's ghost (novice MfMo)
  1586 | D:5      | Reached skill level 7 in Unarmed Combat
  1705 | D:5      | Reached skill level 5 in Shields
  1709 | D:5      | Found a blossoming altar of Fedhas.
  1712 | D:5      | Found Loustuic's Assorted Antiques.
  1715 | D:5      | Bought a glowing cloak for 130 gold pieces
  1715 | D:5      | Bought a scroll labeled MUMOIC MIUCUPN for 29 gold pieces
  1741 | D:5      | Noticed Edmund
  1764 | D:5      | Reached XP level 8. HP: 72/74 MP: 7/7
  1785 | D:5      | Killed Edmund
  1785 | D:5      | Reached skill level 8 in Unarmed Combat
  1846 | D:6      | Found a sacrificial altar of Ru.
  1903 | D:6      | Became a worshipper of Ru the Awakened
  1922 | D:6      | Noticed Blork the orc
  1946 | D:6      | Killed Blork the orc
  1946 | D:6      | Reached skill level 9 in Unarmed Combat
  1965 | D:6      | Learned a level 6 spell: Statue Form
  1969 | D:6      | Noticed Duvessa
  1970 | D:6      | Noticed Dowan
  1973 | D:7      | Found a glowing golden altar of the Shining One.
  1973 | D:7      | Found a shimmering altar of Xom.
  1973 | D:7      | Found a white marble altar of Elyvilon.
  1973 | D:7      | Found a snail-covered altar of Cheibriados.
  1973 | D:7      | Found a shattered altar of Ashenzari.
  2040 | D:6      | Killed Duvessa
  2067 | D:6      | Killed Dowan
  2067 | D:6      | Reached skill level 1 in Transmutations
  2067 | D:6      | Reached skill level 1 in Earth Magic
  2095 | D:7      | Fell from the grace of Ru
  2095 | D:7      | Became a worshipper of Cheibriados the Contemplative
  2161 | D:7      | Gained mutation: You are partially covered in rugged brown scales. (AC +1, +3% HP) [potion of mutation]
  2161 | D:7      | Gained mutation: You are resistant to hostile enchantments. (MR+) [potion of mutation]
  2161 | D:7      | Gained mutation: You are partially covered in iridescent scales. (AC +2) [potion of mutation]
  2162 | D:7      | Gained mutation: You have sharp toenails. [potion of mutation]
  2163 | D:7      | Lost mutation: You are resistant to hostile enchantments. (MR+) [potion of mutation]
  2163 | D:7      | Gained mutation: You tend to lose your temper in combat. [potion of mutation]
  2202 | D:7      | Reached XP level 9. HP: 74/82 MP: 8/8
  2252 | D:7      | Reached * piety under Cheibriados
  2275 | D:7      | Found an opulent altar of Gozag.
  2305 | D:7      | Sixotanaka: yay, chei
  2348 | D:7      | Reached skill level 1 in Spellcasting
  2355 | D:6      | Found a basalt altar of Yredelemnul.
  2375 | D:7      | Gained mutation: You possess an exceptional clarity of mind. [potion of beneficial mutation]
  2391 | D:7      | 4thArraOfDagon: hi
  2401 | D:7      | Found a radiant altar of Vehumet.
  2403 | D:7      | Sixotanaka: hiya!
  2435 | D:7      | Found a staircase to the Ecumenical Temple.
  2441 | D:7      | Noticed Dirtsage's ghost (novice DsMo)
  2507 | D:8      | Found Ituomina's Assorted Antiques.
  2519 | D:8      | Reached ** piety under Cheibriados
  2526 | D:8      | Bought a scroll labeled QOD HAVEADOXIL for 25 gold pieces
  2690 | D:8      | Got a smoking robe
  2701 | D:8      | Identified the +2 robe of Irphaodd {Str+4 Stlth+} (You found it on level 8 of the Dungeon)
  2837 | D:10     | Entered Level 10 of the Dungeon
  2843 | D:10     | Reached skill level 10 in Unarmed Combat
  2862 | D:10     | Learned a level 1 spell: Apportation
  2922 | D:11     | Noticed a troll
  3165 | D:11     | Killed a troll
  3184 | D:11     | Reached *** piety under Cheibriados
  3184 | D:11     | Reached XP level 10. HP: 70/90 MP: 11/11
  3199 | D:11     | Noticed a green ugly thing
  3203 | D:11     | Killed a green ugly thing
  3346 | D:12     | Noticed Nergalle
  3357 | D:13     | Noticed a centaur warrior
  3470 | D:12     | Noticed a hill giant
  3475 | D:12     | Killed a hill giant
  3475 | D:12     | Reached skill level 5 in Earth Magic
  3508 | D:12     | Noticed mopl's ghost (journeyman DEBe)
  3587 | D:11     | Gained mutation: You are partially covered in slimy green scales. (AC +2) [potion of beneficial mutation]
  3794 | D:11     | Noticed a wizard
  3804 | D:11     | Killed a wizard
  3978 | D:9      | Found a stormy altar of Qazlal.
  3980 | D:9      | Reached **** piety under Cheibriados
  4036 | D:9      | Noticed a hill giant
  4044 | D:9      | Killed a hill giant
  4044 | D:9      | Reached skill level 5 in Transmutations
  4112 | D:9      | Reached XP level 11. HP: 96/96 MP: 13/13
  4137 | D:9      | Reached skill level 11 in Unarmed Combat
  4230 | D:9      | Reached ***** piety under Cheibriados
  4307 | D:8      | Bought an encrusted bronze ring for 125 gold pieces
  4406 | D:7      | Killed Dirtsage's ghost
  4713 | D:10     | You fall through a shaft for 2 floors!
  4758 | D:12     | Noticed Urug
  4838 | D:12     | Killed a centaur warrior
  4853 | D:12     | Noticed a spectral orc warlord
  4857 | D:12     | Killed Nergalle
  4871 | D:12     | Killed an unseen horror
  5104 | D:14     | Noticed a hill giant
  5122 | D:14     | Killed a hill giant
  5169 | D:14     | Noticed a tengu warrior
  5183 | D:14     | Killed a tengu warrior
  5252 | D:15     | Entered Level 15 of the Dungeon
  5257 | D:15     | Noticed an eight-headed hydra
  5283 | D:14     | Reached XP level 12. HP: 107/107 MP: 14/16
  5354 | D:14     | Noticed a centaur warrior
  5364 | D:14     | Killed a centaur warrior
  5364 | D:14     | Reached skill level 12 in Unarmed Combat
  5423 | D:14     | Reached ****** piety under Cheibriados
  5432 | D:15     | Noticed a catoblepas
  5570 | D:14     | Killed from afar by a wizard

Vault maps used:
D:1:      eino_arrival_cavern_d
D:2:      zin_treasury, first_bread
D:3:      uniq_sigmund, uniq_purgy
D:4:      dancing_weapons_uskayaw, portal_sewer_entry_a,
          kennysheep_generic_room_10, uniq_grinder, uniq_pikel
D:5:      fedhas_altar_3, lemuel_coloured_pillars_altar, serial_shops,
          nicolae_shop_behind_doors, hangedman_decor_riveting,
          nrook_loot_triangle, kennysheep_minor_cross, uniq_edmund
D:6:      nicolae_ru_great_annihilating_truth, yredelemnul_altar_generic,
          st_stairs_9, uniq_duvessa, uniq_crazy_yiuf_cottage, uniq_blork_the_orc
D:7:      grunt_temple_overflow_open, fiery_altar_vehumet,
          nicolae_gozag_cash_rules_everything_around_me
D:8:      david_lair_shrubbed, serial_shops, shop, grunt_pizzeria, uniq_grum
D:9:      lemuel_doored_altar
D:10:     trog_wizard
D:11:     xom_teletrap_fun
D:12:     orc_0_dummy, uniq_nergalle, uniq_rupert, uniq_urug
D:13:     serial_shops, shop_fountains
D:14:     grunt_vaults_entry_tiered, minmay_misc_feat_chi, serial_shops,
          kennysheep_mini_moat, nicolae_transmutations_shop
D:15:     grunt_enter_depths_hoard, patterned_corridor

Skill      XL: |  1  2  3  4  5  6  7  8  9 10 11 12 |
---------------+-------------------------------------+-----
Unarmed Combat | 3 6 7 9 10 11 12 | 12.1
Shields        | 3 4 5 6 7 |  7.7
Transmutations | 1 3 5 6 |  6.6
Earth Magic    | 1 4 6 7 8 |  8.0
Spellcasting   | 1 2 3 |  3.5
Fighting       | |  2.4
Dodging        | |  2.4

Action                   |  1- 3 |  4- 6 |  7- 9 | 10-12 || total
-------------------------+-------+-------+-------+-------++-------
Melee: Unarmed           |   115 |    53 |   292 |   331 ||   791
       Kick              |       |       |    41 |   149 ||   190
  Use: Scroll            |     1 |       |     9 |    10 ||    20
       Potion            |       |       |     6 |     7 ||    13
 Stab: Sleeping          |       |       |       |     6 ||     6
  Eat: Chunk             |    12 |     3 |    16 |    16 ||    47
       Beef jerky        |       |       |     1 |       ||     1
Armor: Robe              |    76 |    10 |    83 |    96 ||   265
       Skin              |       |       |       |    26 ||    26
Dodge: Dodged            |    67 |    14 |    74 |   100 ||   255
Block: Shield            |    65 |    15 |   128 |   187 ||   395
